 Dungeon Crawl Stone Soup version 0.25-a0-492-g44cc58d149 (webtiles) character file.

Game seed: 11927799812633829958, levelgen mode: deterministic

67 mopl the Charlatan (level 4, -2/37 HPs)
             Began as a Hill Orc Artificer on Feb 11, 2020.
             Killed from afar by a white imp (9 damage)
             ... with a puff of frost
             ... summoned by Natasha
             ... on level 2 of the Dungeon.
             The game lasted 00:02:21 (1671 turns).

mopl the Charlatan (Hill Orc Artificer)             Turns: 1671, Time: 00:02:21

Health: -2/37      AC:  6    Str: 15    XL:     4   Next: 16%
Magic:  6/6        EV: 11    Int: 11    God:
Gold:   45         SH:  0    Dex: 11    Spells: 3/3 levels left

rFire    . . .     SeeInvis .   a - +0 hand axe
rCold    . . .     Gourm    .   (no shield)
rNeg     + . .     Faith    .   k - +0 ring mail
rPois    .         Spirit   .   (no helmet)
rElec    .         Reflect  .   (no cloak)
rCorr    .         Harm     .   (no gloves)
MR       .....                  m - +0 pair of boots
Stlth    +.........             (no amulet)
HPRegen  0.12/turn              l - ring of positive energy
MPRegen  0.10/turn              (no ring)

@: no status effects
A: no striking features
a: no special abilities


You were on level 2 of the Dungeon.
You were hungry.

You visited 1 branch of the dungeon, and saw 2 of its levels.

You collected 45 gold pieces.

Inventory:

Hand Weapons
 a - a +0 hand axe (weapon)
 h - a +0 short sword
Armour
 k - a +0 ring mail (worn)
 m - a +0 pair of boots (worn)
Jewellery
 l - a ring of positive energy (left hand)
Wands
 d - a wand of enslavement (15)
 e - a wand of random effects (15)
 f - a wand of flame (13)
Scrolls
 b - 2 scrolls of identify
 i - 2 scrolls of remove curse {unknown}
 j - 2 scrolls of random uselessness {unknown}
 o - a scroll of teleportation {unknown}
Potions
 g - 2 potions of curing
 p - a potion of invisibility
 q - a potion of might
Comestibles
 c - 2 rations


   Skills:
 * Level 2.6 Fighting
 - Level 1.0 Short Blades
 * Level 1.8 Axes
 * Level 2.2 Armour
 - Level 1.5 Dodging
 - Level 0.7 Stealth
 + Level 3.3 Evocations


You had 3 spell levels left.
You didn't know any spells.
Your spell library was empty.

Dungeon Overview and Level Annotations

Branches:
Dungeon (2/15)

Altars:

Annotations:
D:2 Natasha


Message History

Evoke which item? (* to show all) (? for menu, Esc to quit)
Aiming: Throw Flame
Press: ? - help, Shift-Dir - straight line, f/p - Natasha
Aim: Natasha (heavily wounded)
The puff of flame hits Natasha.
Natasha is heavily wounded.
The crimson imp barely misses you. The shadow imp misses you.
The shadow imp hits you.
* * * LOW HITPOINT WARNING * * *
Natasha claws you.
* * * LOW HITPOINT WARNING * * *
The crimson imp hits you but does no damage.
The crimson imp blinks!
The shadow imp disappears for a moment.
The shadow imp summons a swarm of flies.
The shadow imp disappears in a puff of smoke!
Natasha casts a spell.
The white imp gestures at you. The puff of frost hits you!
You die...

************* #######**********
*,,,,,,,.,,,* #.....,,,,**,,,,,
*,,,,,,,..,,*###....,,,,,**,,,,,
*,,,,,,,....*#.....,,,,..**,,,,,
*,,,,,,,....##....#**#...**,,,,,
******,,..........##.....**,,,,,
*,,,,,,,....>.....'......,,,,,,,
*,,,,,,,.......@h.##+##,***,,,,,
*,,,,,,..........§55..#.###.,,,,
****,,,..........5§...'.....,,,,
*,,,...............#.....,,,,
*,,,....#+##.............,,,,
*,,,,....................,,,,
*****###+##.................,,,*
*,,,,..#....................,,,*
*,,,,.....##+#..............,,,,


You could see Natasha, a crimson imp, a white imp and a shadow imp.

Vanquished Creatures
  Natasha (D:2)
  An ooze (D:1)
  A worm (D:2)
  A ball python (D:1)
  5 bats
  4 giant cockroaches
  3 goblins
  3 hobgoblins
  3 jackals (D:1)
  4 frilled lizards
  4 kobolds
  A quokka skeleton (D:2)
  5 rats
36 creatures vanquished.

Notes
Turn   | Place    | Note
-------+----------+-------------------------------------------
     0 | D:1      | mopl the Hill Orc Artificer began the quest for the Orb.
     0 | D:1      | Reached XP level 1. HP: 16/16 MP: 3/3
   194 | D:1      | Reached XP level 2. HP: 24/24 MP: 4/4
   272 | D:1      | Reached skill level 1 in Armour
   283 | D:1      | Reached skill level 2 in Fighting
   630 | D:1      | Reached XP level 3. HP: 22/29 MP: 5/5
   872 | D:2      | Noticed Natasha
   879 | D:2      | Killed Natasha
   879 | D:2      | Reached skill level 1 in Axes
   879 | D:2      | Reached skill level 2 in Armour
  1107 | D:2      | Reached XP level 4. HP: 34/37 MP: 6/6
  1653 | D:2      | Noticed Natasha
  1671 | D:2      | Killed from afar by a white imp

Levels and vault maps discovered:
D:1:      arrival_zaba_pyramid, layout_basic
D:2:      layout_basic, first_ration, uniq_natasha

Skill      XL: |  1  2  3 |
---------------+----------+-----
Armour         | 1 2 |  2.2
Fighting       | 2 |  2.6
Axes           | 1 |  1.8
Short Blades   | |  1.0
Dodging        | |  1.5
Stealth        | |  0.7
Evocations     | |  3.3

Action                   |  1- 3 |  4- 6 || total
-------------------------+-------+-------++-------
Melee: Short sword       |    35 |       ||    35
       Hand axe          |    68 |    29 ||    97
Evoke: Wand              |       |     2 ||     2
  Use: Scroll            |     1 |     2 ||     3
  Eat: Chunk             |     1 |     1 ||     2
Armor: Leather armour    |     3 |       ||     3
       Ring mail         |    35 |    15 ||    50
Dodge: Dodged            |    68 |    21 ||    89

Table legend:
 A = Non-vault XP
 B = Vault XP
 C = Vault XP percentage of total XP
 D = Non-vault monster count
 E = Vault monster count
 F = Vault count percentage of total count
                 A         B        C        D         E       F
            +---------+---------+-------+---------+---------+-------
      Total |      61 |      35 |  36.5 |      35 |       1 |   2.8
            +---------+---------+-------+---------+---------+-------
        D:1 |      36 |       0 |   0.0 |      18 |       0 |   0.0
        D:2 |      25 |      35 |  58.3 |      17 |       1 |   5.6
            +---------+---------+-------+---------+---------+-------
